 Dungeon Crawl Stone Soup version 0.32-a0-976-g7161d331b1 (webtiles) character file.

Game seed: 8293192541032660279

165 Descartes the Covered (level 5, -1/47 HPs)
             Began as a Mountain Dwarf Fighter on Apr 20, 2024.
             Slain by an orc priest
             ... wielding a +0 mace
              (6 damage)
             ... on level 3 of the Dungeon.
             The game lasted 00:02:45 (2407 turns).

Descartes the Covered (Mountain Dwarf Fighter)      Turns: 2407, Time: 00:02:46

Health: -1/47      AC:  8    Str: 21    XL:     5   Next: 22%
Magic:  5/5        EV:  8    Int:  8    God:
Gold:   129        SH:  4    Dex:  9    Spells: 4/4 levels left

rFire   . . .        a - +0 war axe
rCold   . . .        c - +0 buckler
rNeg    . . .        b - +0 scale mail
rPois   .            (no helmet)
rElec   .            n - +0 cloak
rCorr   .            (no gloves)
SInv    .            (no boots)
Will    .....        (no amulet) Stlth
                     (no ring)
HPRegen 0.27/turn    (no ring)
MPRegen 0.09/turn

%: no passive effects
@: no status effects
A: runic magic, artefact enchanting
a: Convert to Beogh


You were on level 3 of the Dungeon.
You visited 1 branch of the dungeon, and saw 3 of its levels.

You collected 129 gold pieces.

Inventory:

Hand Weapons
 a - a +0 war axe (weapon)
Missiles
 j - 5 datura-tipped darts (quivered)
 k - 2 poisoned darts
 l - a throwing net
Armour
 b - a +0 scale mail (worn)
 c - a +0 buckler (worn)
 n - a +0 cloak (worn)
Scrolls
 e - 2 scrolls of identify {unknown}
 g - 2 scrolls of vulnerability {unknown}
 o - a scroll of fog {unknown}
 p - a scroll of noise {unknown}
Potions
 d - a potion of attraction {unknown}
 f - 2 potions of mutation {unknown}
 h - a potion of haste {unknown}
 i - a potion of curing
 m - a potion of brilliance {unknown}


   Skills:
 + Level 4.3 Fighting
 + Level 3.8 Axes
 + Level 4.3 Armour
 + Level 4.3 Shields


You had 4 spell levels left.
You didn't know any spells.
Your spell library was empty.

Dungeon Overview and Level Annotations

Branches:
Dungeon (3/15)

Altars:
Cheibriados
Elyvilon
Uskayaw
Vehumet


Innate Abilities, Weirdness & Mutations

Your spellcasting is much less encumbered by armour.
You can use scrolls of enchantment on lesser artefacts.


Message History

Unknown command.
The orc priest closely misses you. You block the orc priest's attack.
The orc hits you but does no damage. Something hits you but does no damage.
The orc priest shouts, "The Pantheon deserves no one's loyalty.
Let us show you the true path!"
The orc priest hits you but does no damage.
Something hits you but does no damage.
Unknown command.
Unknown command.
Unknown command.
Unknown command.
You hit the orc priest.
The orc priest is lightly wounded.
You miss something. You closely miss something. You slash the orc priest!
The orc priest shouts, "The Pantheon deserves no one's loyalty.
Let us show you the true path!" Something hits you.
Something hits you but does no damage.
The orc priest hits you but does no damage.
The orc priest shouts, "Beogh offers mercy even to people such as you.
Join us and be reborn!"
The orc priest hits you with a +0 mace.
* * * LOW HITPOINT WARNING * * *
You slash the orc priest!
The orc priest shouts, "The Pantheon deserves no one's loyalty.
Let us show you the true path!"
The orc priest is heavily wounded.
You barely miss something. x2; You hit the orc priest.
You hear some strange, mumbled words.
A puff of flame appears from out of thin air!
The puff of flame hits you!
* * * LOW HITPOINT WARNING * * *
Something hits you but does no damage.
The orc priest hits you but does no damage.
The orc priest barely misses you. The orc priest hits you with a +0 club.
* * * LOW HITPOINT WARNING * * *
Something hits you but does no damage. x2
The orc priest shouts, "Surrender to Beogh and we'll let you live!"
You hit the orc priest.
The orc priest is severely wounded.
You barely miss something.
You hit the orc priest but do no damage.
You barely miss something. The orc priest hits you with a +0 mace.
You die...

####### #.....# # .
#.... ..# .#.#
#.#.# #.#....#
##.#.###@{....#
##..#.#ooo{......
#.......#.##.###.
##..#<###.# #
#..#.###.# #
#........##+## #.##
##.########...##
#...
##.#.######.....##
#####
#.###...##.......##
##.###


You could see 2 orc priests and an orc.

Vanquished Creatures
  An orc priest (D:3)
  Natasha (twice) (D:3)
  An adder (D:2)
  2 ribbon worms (D:3)
  4 dart slugs
  2 orcs (D:3)
  6 ball pythons
  5 bats
  4 endoplasms
  A giant cockroach (D:2)
  7 goblins
  10 hobgoblins
  3 jackals (D:1)
  4 kobolds
  2 quokkas (D:2)
  2 frilled lizards (D:2)
  A rat (D:2)
57 creatures vanquished.

Notes
Turn   | Place    | Note
-------+----------+-------------------------------------------
     0 | D:1      | Descartes the Mountain Dwarf Fighter began the quest for
                  | the Orb.
     0 | D:1      | Reached XP level 1. HP: 19/19 MP: 1/1
   113 | D:1      | Reached XP level 2. HP: 23/26 MP: 2/2
   268 | D:1      | Reached XP level 3. HP: 31/31 MP: 3/3
   297 | D:1      | Found a faded altar of an unknown god.
  1554 | D:2      | Reached XP level 4. HP: 34/40 MP: 4/4
  1860 | D:3      | Noticed Natasha
  1865 | D:3      | Killed Natasha
  1998 | D:3      | Found a white marble altar of Elyvilon.
  1999 | D:3      | Found a snail-covered altar of Cheibriados.
  2001 | D:3      | Found a hide-covered altar of Uskayaw.
  2001 | D:3      | Found a radiant altar of Vehumet.
  2040 | D:3      | Noticed Natasha
  2046 | D:3      | HP: 2/40 [Natasha/magic dart (2)]
  2052 | D:3      | HP: 1/40 [cerulean imp/+2 spear[Natasha] (2)]
  2053 | D:3      | Killed Natasha
  2054 | D:3      | Reached XP level 5. HP: 2/46 MP: 5/5
  2407 | D:3      | Slain by an orc priest

Illustrated notes

Levels and vault maps discovered:
D:1:      arrival_zaba_pyramid, layout_basic,
          hellmonk_ecumenical_altar_leap_of_faith,
          chequers_serial_rivers_micro_a
D:2:      layout_basic, minmay_tetromino_o4
D:3:      layout_loops_corners, chequers_temple_overflow_statue_of_worship,
          uniq_natasha

Skill      XL: |  1  2  3  4 |
---------------+-------------+-----
Axes           | 3 |  3.8
Fighting       | 4 |  4.3
Armour         | 4 |  4.3
Shields        | 4 |  4.3

Action                     |  1- 3 |  4- 6 || total
---------------------------+-------+-------++-------
  Melee: War axe           |   124 |    46 ||   170
    Use: Potion            |       |     2 ||     2
 Armour: Scale mail        |   102 |    58 ||   160
  Dodge: Dodged            |    54 |    21 ||    75
  Block: Buckler           |    28 |    11 ||    39

Table legend: (Time is in decaauts)
 A = Elapsed time spent in this place.
 B = Non-inter-level travel time spent in this place.
 C = Inter-level travel time spent in this place.
 D = Time resting spent in this place.
 E = Time spent auto-exploring this place.
 F = Levels seen in this place.
 G = Mean time per level.
                   A        B        C        D        E       F      G
               +--------+--------+--------+--------+--------+-----+--------+
         Total |   2468 |   2392 |     76 |      0 |   1982 |   3 |  822.7 |
       Dungeon |   2468 |   2392 |     76 |      0 |   1982 |   3 |  822.7 |
               +--------+--------+--------+--------+--------+-----+--------+

Top non-repeatable levels by time:
     D:2: 1112 daAuts
     D:1: 790 daAuts
     D:3: 565 daAuts
